 Dungeon Crawl Stone Soup version 0.31-a0-188-g5e087ee2ca (webtiles) character file.

Game seed: 18442119253010054656

135 qw the Skirmisher (level 4, -2/25 HPs)
             Began as a Deep Elf Hunter on June 23, 2023.
             Slain by an iguana (11 damage)
             ... on level 5 of the Dungeon.
             The game lasted 00:00:51 (2004 turns).

qw the Skirmisher (Deep Elf Hunter)                 Turns: 2004, Time: 00:00:52

Health: -2/25      AC:  7    Str: 10    XL:     4   Next: 97%
Magic:  6/6        EV: 14    Int: 14    God:
Gold:   184        SH:  0    Dex: 18    Spells: 3/3 levels left

rFire   . . .        Y - +1 shortbow (drain)
rCold   . . .        (shield currently unavailable)
rNeg    . . .        l - +0 scale mail
rPois   .            (no helmet)
rElec   .            (no cloak)
rCorr   .            (no gloves)
SInv    .            d - +0 pair of boots
Will    .....        b - amulet of regeneration
Stlth   +            e - +5 ring of evasion
HPRegen 1.04/turn    (no ring)
MPRegen 0.10/turn

%: no passive effects
@: no status effects
A: no striking features
a: no special abilities


You were on level 5 of the Dungeon.
You visited 1 branch of the dungeon, and saw 5 of its levels.

You collected 184 gold pieces.


   Skills:
 - Level 1.5 Fighting
 + Level 8.3 Ranged Weapons
 - Level 2.4 Dodging
 - Level 1.2 Stealth


You had 3 spell levels left.
You didn't know any spells.
Your spell library was empty.

Inventory:

Hand Weapons
 Y - a +1 shortbow of draining (weapon)
Armour
 d - a +0 pair of boots (worn)
 l - a +0 scale mail (worn)
Jewellery
 b - an amulet of regeneration (around neck)
 e - a +5 ring of evasion (left hand)
Scrolls
 f - a scroll of identify
Potions
 h - a potion of haste
 i - a potion of brilliance {unknown}
 j - a potion of curing
 k - a potion of heal wounds

Dungeon Overview and Level Annotations

Branches:
Dungeon (5/15)
 Temple: D:4-7

Altars:
Yredelemnul

Annotations:
D:4 3 runed translucent doors, qw's ghost, weakling DEHu
D:5 Dowan; Duvessa


Message History

The puff of flame hits you.
1964 ||| STAIRDANCE The ufetubus shouts!
The hound bites you.
You climb upwards.
Level annotation: 3 runed translucent doors, qw's ghost, weakling DEHu
There is a stone staircase leading down here.
Enter note:
Enter note:
Enter note:
Enter note:
Enter note:
Enter note:
Enter note:
Enter note:
Enter note: You start resting.
HP restored.
There is an open door here.
You see here a potion of berserk rage.
Could not explore, unopened runed door.
(D) Dungeon
Where to? (* - list waypoints, Enter - D:5, ? - help)
What level of the Dungeon? (default 1, ? - help)
There is an open door here.
There is a stone staircase leading down here.
You climb downwards.
You hear the sound of rushing water.
There is an entrance to a sewer on this level.
Hurry and find it before the portal rusts away!
Level annotation: Dowan; Duvessa The howler monkey howls!
The hound misses you. The ufetubus closely misses you.
The ufetubus hits you but does no damage.
A jelly comes into view.
Duvessa barely misses you. The iguana bites you!
The howler monkey hoots and howls with incredible vigour!
The ufetubus misses you. x2; The hound misses you.
The orc priest begins to cast a cantrip, but forgets the words!
Duvessa hits you with a +0 short sword! The iguana bites you!
You die... .#.. .....## .... ....... .... ..).... .oo

...... ##o.
....##.
..#..o##.......
#.....ehle.....
......o@.......
...#..5........
#....##.....
......# ....
......... ...
......... ..
...wh.... .
....J.....


You could see Duvessa, Dowan, a worm, a howler monkey (catching breath), an
iguana, a hound, a jelly, an orc priest, 4 orcs and an ufetubus.

Vanquished Creatures
  A sleepcap (D:4)
  A howler monkey zombie (D:4)
  4 adders
  2 dart slugs
  4 orcs (D:3)
  2 bats
  3 endoplasms
  A giant cockroach (D:4)
  5 goblins
  5 hobgoblins
  3 jackals (D:4)
  A quokka (D:2)
  8 ball pythons
  5 frilled lizards
  A jackal zombie (D:4)
  3 kobolds
  5 rats
54 creatures vanquished.

Notes
Turn   | Place    | Note
-------+----------+-------------------------------------------
     0 | D:1      | qw the Deep Elf Hunter began the quest for the Orb.
     0 | D:1      | Reached XP level 1. HP: 12/12 MP: 3/3
     0 | D:1      | 0 ||| qw: Version: 0.3-a-9-g12657ce
     0 | D:1      | 0 ||| qw: Game counter: 4164
     0 | D:1      | 0 ||| qw: Always use a shield: true
     0 | D:1      | 0 ||| qw: God list: Okawaru
     0 | D:1      | 0 ||| qw: Allow faded altars: false
     0 | D:1      | 0 ||| qw: Do Orc after D:15 true
     0 | D:1      | 0 ||| qw: Do second Lair branch before Depths: true
     0 | D:1      | 0 ||| qw: Lair rune preference: random
     0 | D:1      | 0 ||| qw: Plans: Normal
     0 | D:1      | 0 ||| PLANNING D:1-11
   169 | D:1      | Reached skill level 6 in Ranged Weapons
   169 | D:1      | Reached XP level 2. HP: 16/16 MP: 4/4
   360 | D:1      | 360 ||| UPGRADING to +0 pair of boots.
   365 | D:1      | 365 ||| READING scroll labelled POBBEKK MENKA.
   366 | D:1      | 366 ||| READING scroll labelled GODWACEIZI.
   367 | D:1      | 367 ||| READING scroll labelled TUMAONN TU MIEMP.
   368 | D:1      | 368 ||| DROPPING scroll of butterflies.
   470 | D:2      | Reached XP level 3. HP: 20/20 MP: 5/5
   718 | D:2      | Reached skill level 7 in Ranged Weapons
   946 | D:2      | 946 ||| UPGRADING to amulet of regeneration.
   951 | D:2      | 951 ||| UPGRADING to +5 ring of evasion.
   952 | D:2      | 952 ||| READING scroll labelled WIXTAI XIEQEDGH.
   953 | D:2      | 953 ||| READING scroll labelled BAWUTSY ZEUJO.
   954 | D:2      | 954 ||| READING scroll labelled ISUPTA WOEWUCROPT.
   956 | D:2      | 956 ||| Stepping ~*~*~tactically~*~*~ (cloud).
  1307 | D:3      | Reached XP level 4. HP: 25/25 MP: 6/6
  1443 | D:3      | 1443 ||| UPGRADING to +0 scale mail.
  1453 | D:3      | 1453 ||| DROPPING +0 leather armour.
  1454 | D:3      | 1454 ||| READING scroll labelled ENYOSU KUIFEIF.
  1455 | D:3      | 1455 ||| READING scroll labelled FEXKUSCH KEETS.
  1563 | D:4      | Reached skill level 8 in Ranged Weapons
  1784 | D:4      | Found a runed translucent gate.
  1784 | D:4      | Found a runed translucent gate.
  1784 | D:4      | Found a runed translucent gate.
  1784 | D:4      | Noticed qw's ghost (weakling DEHu)
  1786 | D:4      | 1786 ||| DRINKING 2 fuming silvery potions.
  1787 | D:4      | 1787 ||| DRINKING 2 smoky blue potions.
  1788 | D:4      | Found a basalt altar of Yredelemnul.
  1789 | D:4      | 1789 ||| READING 3 scrolls of identify.
  1789 | D:4      | 1789 ||| IDENTIFYING murky white potion
  1942 | D:4      | 1942 ||| READING 2 scrolls of identify.
  1942 | D:4      | 1942 ||| IDENTIFYING red potion
  1943 | D:4      | 1943 ||| DROPPING potion of berserk rage.
  1961 | D:5      | Entered Level 5 of the Dungeon
  1961 | D:5      | Noticed Duvessa
  1961 | D:5      | Noticed Dowan
  1962 | D:5      | 1962 ||| PLANNING SEWER
  1964 | D:5      | 1964 ||| STAIRDANCE
  2004 | D:5      | Slain by an iguana

Levels and vault maps discovered:
D:1:      lightli_arrival_flooded_house, layout_rooms
D:2:      layout_loops_ring
D:3:      layout_basic
D:4:      layout_basic, nicolae_yredelemnul_ghost_church
D:5:      layout_cave_pools, mainiacjoe_overflow_surrounded_room,
          portal_sewer_entry_d, uniq_duvessa, uniq_edmund

Skill      XL: |  1  2  3  4 |
---------------+-------------+-----
Ranged Weapons | 6 7 8 |  8.3
Fighting       | |  1.5
Dodging        | |  2.4
Stealth        | |  1.2

Action                     |  1- 3 |  4- 6 || total
---------------------------+-------+-------++-------
   Fire: Shortbow          |   107 |    43 ||   150
    Use: Scroll            |     6 |     4 ||    10
         Potion            |       |     2 ||     2
 Armour: Leather armour    |     3 |       ||     3
         Scale mail        |       |     7 ||     7
  Dodge: Dodged            |     8 |    22 ||    30

Table legend:
 A = Non-vault XP
 B = Vault XP
 C = Vault XP percentage of total XP
 D = Non-vault monster count
 E = Vault monster count
 F = Vault count percentage of total count
                 A         B        C        D         E       F
            +---------+---------+-------+---------+---------+-------
      Total |     177 |      17 |   8.8 |      52 |       2 |   3.7
            +---------+---------+-------+---------+---------+-------
        D:1 |      19 |       0 |   0.0 |      12 |       0 |   0.0
        D:2 |      50 |       0 |   0.0 |      15 |       0 |   0.0
        D:3 |      46 |       0 |   0.0 |      18 |       0 |   0.0
        D:4 |      62 |      17 |  21.5 |       7 |       2 |  22.2
            +---------+---------+-------+---------+---------+-------
